 Dungeon Crawl Stone Soup version 0.22-a0-271-gc000056a37 (webtiles) character file.

12 RedPan the Skirmisher (level 2, 0/24 HPs)
             Began as a Demonspawn Monk on Mar 10, 2018.
             Slain by a rat (1 damage)
             ... on level 1 of the Dungeon.
             The game lasted 00:00:38 (361 turns).

RedPan the Skirmisher (Demonspawn Monk)              Turns: 361, Time: 00:00:39

Health: 0/24       AC:  2    Str: 11    XL:     2   Next: 20%
Magic:  2/2        EV: 13    Int: 11    God:
Gold:   13         SH:  0    Dex: 15    Spells: 1/1 levels left

rFire    . . .     SeeInvis .     - Unarmed
rCold    . . .     Gourm    .   (no shield)
rNeg     . . .     Faith    .   a - +0 robe
rPois    .         Spirit   .   (no helmet)
rElec    .         Reflect  .   (no cloak)
rCorr    .         Harm     .   (no gloves)
MR       .....                  (no boots)
Stlth    ++........             (no amulet)
HPRegen  0.08/turn              (no ring)
MPRegen  0.08/turn              (no ring)

@: no status effects
A: hooves 1
a: no special abilities


You were on level 1 of the Dungeon.
You were not hungry.

You visited 1 branch of the dungeon, and saw 1 of its levels.

You collected 13 gold pieces.

Inventory:

Armour
 a - a +0 robe (worn)
Scrolls
 c - a scroll of magic mapping {unknown}
 e - a scroll of fog {unknown}
 f - a scroll of teleportation {unknown}
Comestibles
 b - 3 rations
 d - 4 chunks of flesh


   Skills:
 + Level 3.1 Fighting
 + Level 2.8 Dodging
 - Level 1.7 Stealth
 * Level 3.0 Unarmed Combat


You had one spell level left.
You didn't know any spells.

Dungeon Overview and Level Annotations

Branches:
Dungeon (1/15)

Altars:


Innate Abilities, Weirdness & Mutations

You have large cloven feet.


Message History

The bat closely misses you. The bat hits you but does no damage.
The bat closely misses you. The bat completely misses you.
You closely miss the bat. The bat closely misses you. x2
The bat barely misses you. The kobold closely misses you.
You hit the bat but do no damage. Your kick misses the bat.
The bat hits you but does no damage. The bat misses you.
The kobold hits you with a short sword.
You barely miss the bat. The bat barely misses you. x2
The hobgoblin hits you.
* * * LOW HITPOINT WARNING * * *
You miss the bat. The bat hits you.
* * * LOW HITPOINT WARNING * * *
The bat barely misses you. The bat closely misses you.
The kobold hits you with a short sword.
* * * LOW HITPOINT WARNING * * *
The rat barely misses you. The hobgoblin misses you.
You completely miss the bat. The bat closely misses you. x2
The kobold barely misses you. The bat hits you but does no damage.
The rat bites you.
You die...

###########.######.#
.................#.##
###########.........#.#
.................#.##.##
..#########.#####......#
..#####............##..#
..+ ...)...............#
..# ##.####.#####r)....#
..# #.........b@b.(...#
..# #..###.####gK.....#
######..# .............#
........#
..###.........$.#
#######.##..#
#........#.## #.##...
#.#.......... #.##...
#...........# #.# ..
..#.#.#.....# #..
.............#


You could see a hobgoblin, 2 bats, a kobold and a rat.

Vanquished Creatures
  A leopard gecko (D:1)
  2 goblins (D:1)
  4 hobgoblins (D:1)
  A frilled lizard (D:1)
  A kobold (D:1)
  A rat (D:1)
10 creatures vanquished.

Notes
Turn   | Place    | Note
-------+----------+-------------------------------------------
     0 | D:1      | RedPan the Demonspawn Monk began the quest for the Orb.
     0 | D:1      | Reached XP level 1. HP: 18/18 MP: 1/1
   223 | D:1      | Gained mutation: You have large cloven feet. [demonic ancestry]
   223 | D:1      | Reached XP level 2. HP: 21/24 MP: 2/2
   360 | D:1      | HP: 1/24 [kobold/short sword (4)]
   361 | D:1      | Slain by a rat

Vault maps used:
D:1:      mrwooster_arrival_statue_3

Skill      XL: |  1 |
---------------+----+-----
Unarmed Combat | 3 |  3.0
Fighting       | |  3.1
Dodging        | |  2.8
Stealth        | |  1.7

Action                   || total
-------------------------++-------
Melee: Unarmed           ||    36
       Kick              ||     2
Armor: Robe              ||    12
Dodge: Dodged            ||    50

Table legend:
 A = Spawn XP
 B = Non-spawn XP
 C = Spawn XP percentage of total XP
 D = Spawn monster count
 E = Non-spawn monster count
 F = Spawn count percentage of total count
 G = Total turns spent on level
                    A         B        C        D         E        F      G
               +---------+---------+-------+---------+---------+-------+---------
         Total |       0 |      18 |   0.0 |       0 |      10 |   0.0 |   361
               +---------+---------+-------+---------+---------+-------+---------
           D:1 |       0 |      18 |   0.0 |       0 |      10 |   0.0 |   361
               +---------+---------+-------+---------+---------+-------+---------
